 Dungeon Crawl Stone Soup version 0.22.1-1-ga44c0e5 (webtiles) character file.

290 Loudmushroom the Covered (level 6, -3/39 HPs)
             Began as a Gargoyle Fighter on Sept 20, 2018.
             Slain by Menkaure (7 damage)
             ... on level 4 of the Dungeon.
             The game lasted 00:15:37 (3753 turns).

Loudmushroom the Covered (Gargoyle Fighter)         Turns: 3753, Time: 00:15:38

Health: -3/39      AC: 14    Str: 22    XL:     6   Next: 32%
Magic:  6/6        EV:  5    Int:  8    God:
Gold:   158        SH:  9    Dex:  9    Spells: 5/5 levels left

rFire    . . .     SeeInvis .   a - +0 war axe
rCold    . . .     Gourm    .   c - +0 shield
rNeg     + . .     Faith    .   g - +0 chain mail
rPois    ∞         Spirit   .   (no helmet)
rElec    +         Reflect  .   (no cloak)
rCorr    .         Harm     .   (no gloves)
MR       .....                  (no boots)
Stlth    ..........             (no amulet)
HPRegen  0.13/turn              (no ring)
MPRegen  0.10/turn              (no ring)

@: no status effects
A: negative energy resistance 1, electricity resistance, unbreathing,
petrification resistance, rot immunity, AC +4
a: no special abilities


You were on level 4 of the Dungeon.
You were not hungry.

You visited 1 branch of the dungeon, and saw 4 of its levels.

You collected 158 gold pieces.

Inventory:

Hand Weapons
 a - a +0 war axe (weapon)
 b - a +0 hunting sling
 w - a +0 morningstar
 y - a +0 morningstar
Missiles
 e - 108 stones (quivered)
 p - 69 sling bullets
 x - 17 poisoned needles
 C - 13 bolts
Armour
 c - a +0 shield (worn)
 g - a +0 chain mail (worn)
Jewellery
 m - an uncursed ring of flight {unknown}
 A - a +4 ring of protection {unknown}
 B - an uncursed amulet of the acrobat {unknown}
Scrolls
 h - 7 scrolls of identify {unknown}
 j - 2 scrolls of fear {unknown}
 n - a scroll of blinking {unknown}
 t - a scroll of enchant armour {unknown}
 u - a scroll of magic mapping {unknown}
 v - a scroll of random uselessness {unknown}
Potions
 d - a potion of might
 i - a potion of flight {unknown}
 k - 3 potions of degeneration {unknown}
 l - 2 potions of haste {unknown}
 q - a potion of agility {unknown}
 r - a potion of resistance {unknown}
 s - a potion of lignification {unknown}
 z - a potion of heal wounds {unknown}
 D - a potion of magic {unknown}
Comestibles
 f - 7 rations
 o - 2 chunks of flesh


   Skills:
 + Level 4.4 Fighting
 * Level 3.9 Axes
 + Level 4.5 Armour
 + Level 4.4 Shields


You had 5 spell levels left.
You didn't know any spells.
Your spell library was empty.

Dungeon Overview and Level Annotations

Branches:
Dungeon (4/15)
 Temple: D:4-7

Altars:
Makhleb
Trog

Annotations:
D:4 Menkaure


Innate Abilities, Weirdness & Mutations

You are resistant to torment.
Your stone body is resilient. (AC +4)
You are immune to poison.
You resist negative energy. (rN+)
You are resistant to electric shocks. (rElec)
You can survive without breathing.
You are immune to petrification.
You are immune to rotting.


Message History

* * * LOW HITPOINT WARNING * * *
Your chain mail prevents you from hitting Menkaure.
Menkaure is heavily damaged.
You block Menkaure's attack. Menkaure hits you.
* * * LOW HITPOINT WARNING * * *
You hit Menkaure.
Menkaure is heavily damaged.
You block Menkaure's attack.
You hit Menkaure but do no damage.
Menkaure is heavily damaged.
Menkaure hits you but does no damage. Menkaure completely misses you.
You barely miss Menkaure.
Menkaure is heavily damaged.
Menkaure grins.
Menkaure barely misses you. Menkaure hits you.
* * * LOW HITPOINT WARNING * * *
You hit Menkaure but do no damage.
Menkaure is heavily damaged.
Menkaure hits you!
You die...

...# #......# #.###.#
...# ######## #..##.#
...# ...########.##.#
...# ........#....#.#
...# ........#....#.#
...# ........#......#
...# ........#####..#
...# ........+ ..#..#
#### ####
......M@###.#..# #...
)..####.#.#.##.# #.##
#...#.##.######.#.
######'#.....).......
#.........#..########
#.......#.##.###.....
#.......#+##..##.####
##............##.....
+............##.###.


You could see Menkaure.

Vanquished Creatures
  A big kobold (D:3)
  A howler monkey (D:4)
  Terence (D:2)
  4 gnolls
  2 adders (D:2)
  An ooze (D:4)
  An adder skeleton (D:4)
  2 worms
  A leopard gecko (D:1)
  6 orcs (D:3)
  A ball python (D:1)
  7 giant cockroaches
  8 goblins
  11 hobgoblins
  3 jackals (D:3)
  8 kobolds
  A quokka (D:4)
  9 bats
  4 frilled lizards
  2 leopard gecko skeletons (D:4)
  6 rats
80 creatures vanquished.

Notes
Turn   | Place    | Note
-------+----------+-------------------------------------------
     0 | D:1      | Loudmushroom the Gargoyle Fighter began the quest for the
                  | Orb.
     0 | D:1      | Reached XP level 1. HP: 14/14 MP: 1/1
   163 | D:1      | Reached XP level 2. HP: 17/19 MP: 2/2
  1048 | D:2      | Noticed Terence
  1063 | D:2      | Killed Terence
  1063 | D:2      | Reached XP level 3. HP: 17/24 MP: 3/3
  1329 | D:2      | Reached XP level 4. HP: 29/29 MP: 4/4
  1461 | D:2      | Found a burning altar of Makhleb.
  1461 | D:2      | Noticed a cacodemon
  1635 | D:2      | Found a bloodstained altar of Trog.
  1979 | D:3      | Noticed a big kobold
  2001 | D:3      | Killed a big kobold
  2001 | D:3      | Reached XP level 5. HP: 30/33 MP: 5/5
  3192 | D:3      | Reached XP level 6. HP: 10/38 MP: 6/6
  3736 | D:4      | Noticed Menkaure
  3753 | D:4      | Slain by Menkaure

Skill      XL: |  1  2  3  4 |
---------------+-------------+-----
Axes           | 2 3 |  3.9
Fighting       | 4 |  4.4
Armour         | 4 |  4.5
Shields        | 4 |  4.4

Action                   |  1- 3 |  4- 6 || total
-------------------------+-------+-------++-------
Melee: War axe           |   115 |   248 ||   363
  Eat: Chunk             |     2 |     8 ||    10
Armor: Scale mail        |    52 |       ||    52
       Chain mail        |    32 |   144 ||   176
Dodge: Dodged            |    42 |    82 ||   124
Block: Shield            |    72 |   140 ||   212
